 Dungeon Crawl Stone Soup version 0.24-a0-115-gd155597 (console) character file.

Game seed: 17642598398372201061

1915 Duffy the Cleaver (level 9, -42/78 HPs)
             Began as a Naga Gladiator on Feb 17, 2019.
             Was a Follower of the Shining One.
             Annihilated by an orc warlord
             ... wielding a +0 war axe
              (50 damage)
             ... in a bailey.
             The game lasted 00:09:46 (7471 turns).

Duffy the Cleaver (Naga Gladiator)                  Turns: 7471, Time: 00:09:47

Health: -42/78     AC: 14    Str: 22    XL:     9   Next: 16%
Magic:  12/12      EV: 15    Int: 11    God:    the Shining One [*.....]
Gold:   164        SH:  0    Dex: 18    Spells: 8/8 levels left

rFire    . . .     SeeInvis +   l - +0 broad axe
rCold    . . .     Gourm    .   (no shield)
rNeg     . . .     Faith    +   B - +3 scale mail
rPois    +         Spirit   .   c - +0 helmet
rElec    .         Reflect  .   y - +2 cloak
rCorr    .         Harm     .   r - +0 pair of gloves
MR       +....                  (no barding)
Stlth    +.........             n - amulet of faith
HPRegen  0.23/turn              (no ring)
MPRegen  0.13/turn              (no ring)

@: mighty, agile, about to teleport, glowing, very slow
A: large, see invisible, deformed body, poison resistance, slowness 2, slow
metabolism 1, spit poison 1, AC +3
a: Spit Poison, Renounce Religion


You were in a bailey.
You worshipped the Shining One.
The Shining One was aware of your devotion.
You were not hungry.

You visited 2 branches of the dungeon, and saw 8 of its levels.
You also visited: Bailey.

You collected 351 gold pieces.
You spent 187 gold pieces at shops.

Inventory:

Hand Weapons
 a - a +0 war axe
 l - a +0 broad axe (weapon)
 C - a +0 blowgun
 D - a +2 whip of venom
Missiles
 d - 3 throwing nets (quivered)
Armour
 c - a +0 helmet (worn)
 q - a +3 ring mail
 r - a +0 pair of gloves (worn)
 y - a +2 cloak (worn)
 B - a +3 scale mail (worn)
Jewellery
 n - an amulet of faith (around neck)
Wands
 o - a wand of iceblast (6)
Scrolls
 g - a scroll of immolation {unknown}
 h - 2 scrolls of noise {unknown}
 i - a scroll of identify
 m - 3 scrolls of teleportation
 s - 2 scrolls of enchant armour {unknown}
 t - 7 scrolls of remove curse
 v - a scroll of magic mapping {unknown}
 w - 3 scrolls of enchant weapon {unknown}
 x - 4 scrolls of blinking {unknown}
 z - a scroll of summoning {unknown}
Potions
 b - a potion of invisibility
 j - 4 potions of curing
 p - a potion of ambrosia
 u - a potion of haste
 A - 3 potions of lignification {unknown}
 E - a potion of magic
 F - 2 potions of might
Comestibles
 f - 14 rations


   Skills:
 + Level 4.0 Fighting
 + Level 9.6 Axes
 - Level 1.7 Throwing
 + Level 3.7 Dodging
 - Level 5.0 Evocations


You had 8 spell levels left.
You didn't know any spells.
Your spell library contained the following spells:

 Spells                   Type           Power        Failure   Level  Hunger
 Sandblast                Erth           #.....       69%         1    ##.....
 Passwall                 Tmut/Erth      #.......     83%         2    ###....
 Stone Arrow              Conj/Erth      #.....       96%         3    ####...
 Petrify                  Tmut/Erth      #.......     100%        4    #####..
 Lee's Rapid Deconstruct  Erth           #.........   100%        5    ######.


Dungeon Overview and Level Annotations

Branches:
Dungeon (7/15)             Temple (1/1) D:5

Altars:
Ashenzari
Dithmenos
Elyvilon
Fedhas
Gozag
Hepliaklqana
Kikubaaqudgha
Makhleb
Okawaru
Qazlal
Ru
Sif Muna
Trog
Uskayaw
Wu Jian
Xom
Zin
The Shining One

Shops:
D:4 [   D:6 *

Annotations:
D:5 Dig
D:6 Dig


Innate Abilities, Weirdness & Mutations

You cannot wear boots.
Your serpentine skin is tough. (AC +3)
You have supernaturally acute eyesight. (SInv)
Armour fits poorly on your strangely shaped body.
Your system is resistant to poisons. (rPois)
You cover ground very slowly.
You have a slow metabolism.
You can spit poison.


Message History

The orc warlord roars a battlecry!
The orc goes into a battle-frenzy!
Your scale mail prevents you from hitting the orc warlord.
The orc warlord is moderately wounded.
The orc warlord hits you with a +0 war axe!!!
Ouch! That really hurt!
You slash the orc warlord!
The orc warlord is moderately wounded.
The orc warrior no longer looks unusually strong.
The orc warlord roars a battlecry!
The orc warrior goes into a battle-frenzy!
The orc warlord barely misses you.
Okay, then.
As you read the scroll of teleportation, it crumbles to dust.
You feel strangely unstable.
You slash the orc warlord!
The orc warlord is moderately wounded.
The orc warlord hits you with a +0 war axe!!!
Ouch! That really hurt!
You die...

#...........#..........
#...........#........))
###.).......###.......).
###.#)#.....###.###.....#'
###...).###.###...
###.###. ##.........###
.... ###... #..........8#
o.... #....
#..........8#oo.... #....
#\....}....@ooog... #....
#..........8#ogo... #....
#..........8#


oo... #.... ##.........### .... ###... ###...))###.###... ###.###.
###.#'#.....###.###.....#' ###.........###.......)) #...........#..........
#...........#.......... You could see an orc warlord, an orc knight, 5 orc
warriors, a gnoll, 3 orcs and a hobgoblin.

Vanquished Creatures
  Prince Ribbit (D:5)
  2 black bears (D:6)
  A phantom (D:6)
  An ice beast (D:6)
  7 orc warriors (Bailey)
  2 bullfrogs (D:6)
  A howler monkey (D:4)
  A crimson imp (D:6)
  4 hounds
  Crazy Yiuf (D:5)
  A worker ant (D:4)
  11 gnolls (Bailey)
  A howler monkey skeleton (D:6)
  4 adders
  A shadow imp (D:6)
  2 oozes
  An adder zombie (D:6)
  3 worms
  3 dart slugs
  6 leopard geckos
  24 orcs
  4 giant cockroaches
  25 goblins
  19 hobgoblins
  9 jackals
  2 quokkas
  2 ball pythons
  7 bats
  6 frilled lizards
  8 kobolds
  7 rats
167 creatures vanquished.

Notes
Turn   | Place    | Note
-------+----------+-------------------------------------------
     0 | D:1      | Duffy the Naga Gladiator began the quest for the Orb.
     0 | D:1      | Reached XP level 1. HP: 19/19 MP: 1/1
    48 | D:1      | You fall through a shaft!
    49 | D:2      | Reached XP level 2. HP: 23/26 MP: 2/2
    53 | D:2      | Found a hazy altar of Hepliaklqana.
   244 | D:4      | Found Cacsit's Antique Armour Shop.
   257 | D:4      | Reached skill level 4 in Axes
   257 | D:4      | Reached XP level 3. HP: 8/32 MP: 3/3
   297 | D:4      | Reached XP level 4. HP: 15/39 MP: 4/4
   533 | D:4      | Reached skill level 5 in Axes
   601 | D:5      | Entered Level 5 of the Dungeon
   665 | D:4      | Found a shattered altar of Ashenzari.
   750 | D:5      | Noticed Prince Ribbit
   770 | D:5      | Killed Prince Ribbit
   770 | D:5      | Reached skill level 6 in Axes
   770 | D:5      | Reached XP level 5. HP: 14/45 MP: 5/5
   770 | D:5      | Reached XP level 6. HP: 16/52 MP: 6/6
  1031 | D:5      | Found a glowing silver altar of Zin.
  1036 | D:5      | Found a sacrificial altar of Ru.
  1039 | D:5      | Found a deep blue altar of Sif Muna.
  1259 | D:6      | Found an opulent altar of Gozag.
  1262 | D:6      | Found Gozag's Platinum Reserve.
  1274 | D:6      | Reached skill level 7 in Axes
  1274 | D:6      | Reached skill level 1 in Evocations
  1491 | D:5      | Found a staircase to the Ecumenical Temple.
  1500 | Temple   | Entered the Ecumenical Temple
  1559 | Temple   | Became a worshipper of the Shining One
  2611 | D:2      | Found a stormy altar of Qazlal.
  2659 | D:2      | Found a burning altar of Makhleb.
  2960 | D:2      | Found a sacrificial altar of Ru.
  3394 | D:3      | Reached XP level 7. HP: 54/60 MP: 8/8
  3876 | D:4      | Bought a glowing cloak for 187 gold pieces
  4567 | D:5      | Found a bloodstained altar of Trog.
  4999 | D:5      | Found a runed translucent door.
  5000 | D:5      | Noticed Crazy Yiuf
  5222 | D:5      | Killed Crazy Yiuf
  5976 | D:6      | Reached skill level 8 in Axes
  6132 | D:6      | Reached XP level 8. HP: 60/67 MP: 9/11
  6185 | D:6      | Reached * piety under the Shining One
  6368 | D:6      | Found a shimmering altar of Xom.
  6710 | D:7      | Found a flagged portal.
  6711 | D:7      | Reached skill level 5 in Evocations
  6723 | Bailey   | Entered a bailey
  6905 | Bailey   | Reached skill level 9 in Axes
  7230 | Bailey   | Reached XP level 9. HP: 45/76 MP: 12/12
  7450 | Bailey   | Noticed an orc warlord
  7450 | Bailey   | Noticed an orc knight
  7471 | Bailey   | Annihilated by an orc warlord

Levels and vault maps discovered:
D:1:      minmay_arrival_statue_studded, layout_rooms
D:2:      minmay_inner_zag, layout_rooms, lemuel_round_altar,
          lemuel_round_altar, nicolae_qazlal_general_emergency,
          nicolae_ru_sacrificial_ziggurat
D:3:      layout_basic, kennysheep_generic_room_14
D:4:      layout_gridville, ashenzari_conservatory_becter, serial_shops,
          shop_fountains, first_ration
D:5:      layout_layer_cave, minmay_overflow_temple_star_quad,
          minmay_temple_entry_butterflies, basic_altar, due_unseen_surprise,
          uniq_prince_ribbit1, uniq_crazy_yiuf_cottage
D:6:      layout_basic, tgw_xom, serial_glass, glass_columns_a, glass_columns_a,
          due_unseen_surprise, feat_on_display, item_on_display_a,
          nicolae_gozag_zags_fifth_avenue
D:7:      layout_basic, nemelex_xobeh_ov_fountains_minmay, lemuel_doored_altar,
          lemuel_crystal_altar, enter_bailey_2, grunt_livestock,
          skrybe_limestone_x
Temple:   eino_wide_crystal_templ
Bailey:   bailey_axe_minmay_hex_keep, bailey

Skill      XL: |  1  2  3  4  5  6  7  8  9 |
---------------+----------------------------+-----
Axes           | 4 6 7 8 9 |  9.6
Evocations     | 2 4 5 |  5.0
Fighting       | 3 4 |  4.0
Dodging        | 3 |  3.7
Throwing       | |  1.7

Action                   |  1- 3 |  4- 6 |  7- 9 || total
-------------------------+-------+-------+-------++-------
Melee: War axe           |    27 |   178 |   180 ||   385
       Broad axe         |       |       |    32 ||    32
Throw: Throwing net      |       |     1 |       ||     1
 Abil: Spit Poison       |    10 |     8 |     2 ||    20
Evoke: Wand              |       |     5 |     3 ||     8
  Use: Scroll            |       |     1 |    13 ||    14
       Potion            |       |       |     4 ||     4
  Eat: Chunk             |       |     6 |     9 ||    15
       Ration            |       |       |     1 ||     1
Armor: Leather armour    |     9 |    71 |     6 ||    86
       Scale mail        |       |       |   111 ||   111
Dodge: Dodged            |    18 |   106 |   109 ||   233

Table legend:
 A = Non-vault XP
 B = Vault XP
 C = Vault XP percentage of total XP
 D = Non-vault monster count
 E = Vault monster count
 F = Vault count percentage of total count
                 A         B        C        D         E       F
            +---------+---------+-------+---------+---------+-------
      Total |    1237 |    1499 |  54.8 |      97 |      70 |  41.9
            +---------+---------+-------+---------+---------+-------
        D:1 |      36 |       0 |   0.0 |      16 |       0 |   0.0
        D:2 |      65 |       8 |  11.0 |      28 |       5 |  15.2
        D:3 |      56 |      15 |  21.1 |      17 |       2 |  10.5
        D:4 |     175 |       0 |   0.0 |       5 |       0 |   0.0
        D:5 |      23 |     305 |  93.0 |       9 |       2 |  18.2
        D:6 |     837 |      12 |   1.4 |      20 |       4 |  16.7
        D:7 |      45 |       0 |   0.0 |       2 |       0 |   0.0
     Bailey |       0 |    1159 | 100.0 |       0 |      57 | 100.0
            +---------+---------+-------+---------+---------+-------
